 Dungeon Crawl Stone Soup version 0.27-a0-1200-g94dc6ad4cf (console) character file.

Game seed: 9316397779799503736

688 Hector the Chopper (level 7, -3/43 HPs)
             Began as a Formicid Abyssal Knight on May 31, 2021.
             Was a Follower of Okawaru.
             Slain by an ogre
             ... wielding a +0 giant club
              (13 damage)
             ... on level 6 of the Dungeon.
             The game lasted 00:13:17 (4965 turns).

Hector the Chopper (Formicid Abyssal Knight)        Turns: 4965, Time: 00:13:17

Health: -3/43      AC:  9    Str: 12 (15) XL:     7   Next: 94%
Magic:  6/6        EV:  5    Int:  6 (7)  God:    Okawaru [*.....]
Gold:   116        SH: 12    Dex:  4 (6)  Spells: 6/6 levels left

rFire    + . .     SeeInvis +   a - +1 hand axe
rCold    . . .     Faith    .   i - +0 tower shield
rNeg     . . .     Spirit   .   k - +0 scale mail
rPois    .         Reflect  .   (helmet unavailable)
rElec    .         Harm     .   (no cloak)
rCorr    .         Rampage  .   g - +0 pair of gloves
Will     +....                  f - +0 pair of boots
Stlth    ..........             (no amulet)
HPRegen  0.14/turn              A - ring of willpower
MPRegen  0.10/turn              q - ring of flight

@: brilliant, unable to read, flying
A: permanent stasis, dig shafts and tunnels, antennae 3, four strong arms, fire
resistance 1, [clumsy 2], [deterioration 2], [dopey 2], [frail 2], [low mp 3],
[screaming 2], [weak 2], [subdued magic 3], [inability to read while threatened]
a: Dig, Shaft Self, Renounce Religion, Heroism


You were on level 6 of the Dungeon.
You worshipped Okawaru.
Okawaru was aware of your devotion.
You visited 2 branches of the dungeon, and saw 6 of its levels.
You visited the Abyss 1 time.
You also visited: Sewer.

You collected 116 gold pieces.

Inventory:

Hand Weapons
 a - a +1 hand axe (weapon)
 j - a +2 whip of pain
 y - a +1 whip of freezing
Missiles
 d - 92 stones
 n - 17 poisoned darts
 B - 8 curare-tipped darts
 D - a throwing net
Armour
 b - a +0 leather armour
 f - a +0 pair of boots (worn)
 g - a +0 pair of gloves (worn)
 i - a +0 tower shield (worn)
 k - a +0 scale mail (worn)
 o - a +0 chain mail
Jewellery
 q - a ring of flight (right hand)
 A - a ring of willpower (left hand)
Scrolls
 c - a scroll of noise {unknown}
 h - 4 scrolls of identify {unknown}
 m - 2 scrolls of fear {unknown}
 r - a scroll of enchant armour {unknown}
 u - 2 scrolls of teleportation {unknown}
 w - a scroll of amnesia {unknown}
 x - a scroll of acquirement {unknown}
 z - a scroll of immolation {unknown}
 E - a scroll of fog {unknown}
Potions
 l - a potion of flight
 C - a potion of mutation


   Skills:
 + Level 4.1 Fighting
 * Level 5.5 Axes
 + Level 3.2 Armour
 + Level 1.9 Dodging
 * Level 5.2 Shields
 * Level 2.8 Invocations


You had 6 spell levels left.
You didn't know any spells.
Your spell library contained the following spells:

 Spells                   Type           Power      Damage    Failure   Level
 Corona                   Hex            0%         N/A       100%        1
 Magic Dart               Conj           0%         1d3       100%        1
 Searing Ray              Conj           0%         3d3       100%        2
 Slow                     Hex            0%         N/A       100%        2
 Dazzling Flash           Conj/Hex       0%         N/A       100%        3
 Inner Flame              Hex/Fire       0%         N/A       100%        3
 Portal Projectile        Hex/Tloc       0%         N/A       100%        3
 Cause Fear               Hex            0%         N/A       100%        4
 Fulminant Prism          Conj/Hex       0%         3d6       100%        4
 Iskenderun's Mystic Bla  Conj/Tloc      0%         2d3       100%        4
 Leda's Liquefaction      Hex/Erth       0%         N/A       100%        4


Dungeon Overview and Level Annotations

Branches:
Dungeon (4/15)             Temple (1/1) D:4           Sewer (visited)

Altars:
Ashenzari
Cheibriados
Elyvilon
Fedhas
Hepliaklqana
Kikubaaqudgha
Makhleb
Okawaru
Qazlal
Ru
Trog
Uskayaw
Wu Jian
Yredelemnul
Zin
The Shining One

Shops:
D:2 [


Innate Abilities, Weirdness & Mutations

You cannot be hasted, slowed, berserked, paralysed or teleported.
You can dig through walls and to a lower floor.
You have a pair of large antennae on your head. (SInv)
Your four strong arms can wield two-handed weapons with a shield.
Your flesh is heat resistant. (rF+)
[You are very clumsy. (Dex -4)]
[Your body often deteriorates upon taking damage.]
[You are very dopey. (Int -4)]
[You are very frail. (-20% HP)]
[Your magical capacity is extremely low. (-30% MP)]
[You frequently scream uncontrollably at your foes.]
[You are very weak. (Str -4)]
[Your spells are much easier to cast, but much less powerful.]
[You sometimes lose the ability to read scrolls when taking damage.]


Message History

* * * LOW HITPOINT WARNING * * *
Your body deteriorates!
You feel clumsy.
You are knocked back by the lance of force.
Unknown command.
It was a potion of degeneration.
There was something very wrong with that liquid.
You feel weakened.
You feel dopey.
You feel clumsy.
It was a potion of brilliance.
You feel clever all of a sudden.
The wretched star pulses with an eldritch light!
You feel weaker. x2; Your connection to magic feels subdued.
Your connection to magic feels more subdued.
The wretched star pulses with an eldritch light!
You feel stupid. x2
The wretched star pulses with an eldritch light!
You feel the urge to shout.
You feel a strong urge to scream.
The wretched star pulses with an eldritch light!
You feel less energetic. x2
The wretched star pulses with an eldritch light!
Your connection to magic feels nearly dormant.
The wretched star pulses with an eldritch light!
You feel less energetic.
The wretched star pulses with an eldritch light!
You lose the ability to read scrolls when threatened.
Found a gate leading back out of this place.
The wretched star pulses with an eldritch light!
You feel frail. x2
There is a gate leading back out of this place here.
Welcome back to the Dungeon!
You hear the hiss of flowing sand.
There is an entrance to an ossuary on this level.
Hurry and find it before the portal is buried!
You hear the brisk hiss of a distant avalanche of sand.
There is a collapsed entrance here.
Unknown command.
Okay, then.
Unknown command.
You barely miss the ogre. You block the ogre's attack.
You closely miss the ogre. The ogre hits you with a +0 giant club!
You feel threatened and lose the ability to read scrolls!
You die...

#....#.#.
.........
####......#
......!...#.# ..
..!......#.#....
........#.#....
#≈.....#.#....
#@O≈..........
#≈≈≈≈........ .
#≈≈≈≈....###..#
#.≈≈≈..........
#######..###..
.###..#.###.#
.........)..#
........###......#
#.#. ####..#.#
#......#


You could see an ogre.

Vanquished Creatures
  A water moccasin (D:6)
  A necrophage (D:4)
  An ice beast (D:3)
  A centaur (D:6)
  A bullfrog (D:6)
  2 iguanas (D:4)
  Robin (D:3)
  8 gnolls
  2 adders (D:2)
  2 river rats (Sewer)
  2 dart slugs
  An orc (D:6)
  8 ball pythons
  5 bats
  5 endoplasms
  3 giant cockroaches
  18 goblins
  8 hobgoblins
  4 quokkas
  2 frilled lizards
  8 kobolds
  10 rats
94 creatures vanquished.

Vanquished Creatures (others)
  A plant (D:2)
1 creature vanquished.

Grand Total: 95 creatures vanquished

Notes
Turn   | Place    | Note
-------+----------+-------------------------------------------
     0 | Abyss:1  | Hector the Formicid Abyssal Knight began the quest for the
                  | Orb.
     0 | Abyss:1  | Reached XP level 1. HP: 18/18 MP: 2/2
    85 | Abyss:1  | Found a corrupted altar of Lugonu.
   122 | Abyss:1  | Noticed a raiju
   123 | D:1      | Escaped the Abyss
   339 | D:1      | Reached XP level 2. HP: 23/24 MP: 3/3
   531 | D:1      | Reached skill level 1 in Shields
   609 | D:1      | Reached * piety under Lugonu
  1001 | D:2      | Found Diech's Antique Armour Emporium.
  1009 | D:2      | Reached XP level 3. HP: 29/29 MP: 4/4
  1193 | D:2      | Reached skill level 1 in Dodging
  1522 | D:2      | Reached XP level 4. HP: 28/36 MP: 5/5
  1976 | D:2      | Found a faded altar of an unknown god.
  2758 | D:3      | Noticed Robin
  2773 | D:3      | Reached ** piety under Lugonu
  2782 | D:3      | Killed Robin
  2794 | D:3      | Reached XP level 5. HP: 42/42 MP: 6/6
  3200 | D:3      | Noticed an ice beast
  3219 | D:3      | Killed an ice beast
  3220 | D:3      | Reached XP level 6. HP: 48/48 MP: 7/7
  3632 | D:4      | Found a staircase to the Ecumenical Temple.
  3632 | D:4      | Noticed a necrophage
  3647 | D:4      | Killed a necrophage
  3669 | Temple   | Entered the Ecumenical Temple
  3834 | Temple   | Fell from the grace of Lugonu
  3834 | Temple   | Became a worshipper of Warmaster Okawaru
  4295 | D:4      | Reached XP level 7. HP: 39/53 MP: 8/8
  4592 | D:4      | Noticed a thrashing horror
  4592 | D:4      | Noticed an ancient zyme
  4594 | D:4      | You are sucked into a shaft and drop 2 floors!
  4613 | D:6      | Reached skill level 5 in Axes
  4629 | D:6      | Noticed a water moccasin
  4638 | D:6      | Gained mutation: Your flesh is heat resistant. (rF+)
                  | [potion of mutation]
  4651 | D:6      | Killed a water moccasin
  4652 | D:6      | Reached skill level 5 in Shields
  4664 | D:6      | Reached * piety under Okawaru
  4677 | D:6      | Found a glowing drain.
  4688 | Sewer    | Entered a sewer
  4920 | Sewer    | Noticed a wretched star
  4965 | D:6      | Slain by an ogre

Illustrated notes

Levels and vault maps discovered:
D:1:      psy_arrival_conway, layout_rooms
D:2:      layout_basic, serial_shops, nicolae_shop_statue_plus,
          shapermc_ecumenical_altar_totnotflames, chequers_big_river,
          minmay_goblin_outpost
D:3:      layout_rooms, kennysheep_cross_room, uniq_robin
D:4:      layout_loops_ring, doesnt_xom_only_xom, minmay_temple_entry_grid,
          hangedman_decor_diamond_cutter
D:6:      layout_basic, portal_sewer_entry_b, nicolae_ossuary_entry_ruins,
          minmay_fountain_box
Temple:   nicolae_temple_elliptical

Skill      XL: |  1  2  3  4  5  6  7 |
---------------+----------------------+-----
Shields        | 1 2 3 4 5 |  5.2
Axes           | 3 4 5 |  5.5
Dodging        | 1 |  1.9
Fighting       | 4 |  4.1
Armour         | 3 |  3.2
Invocations    | |  2.8

Action                   |  1- 3 |  4- 6 |  7- 9 || total
-------------------------+-------+-------+-------++-------
Melee: Hand axe          |   104 |   193 |    96 ||   393
Invok: Depart the Abyss  |     1 |       |       ||     1
       Heroism           |       |       |     1 ||     1
 Abil: Dig               |     1 |     2 |       ||     3
       Shaft Self        |       |       |     1 ||     1
  Use: Potion            |       |       |     7 ||     7
Armor: Leather armour    |    16 |       |       ||    16
       Scale mail        |    18 |    90 |    47 ||   155
       Skin              |       |       |    20 ||    20
Dodge: Dodged            |    32 |    32 |    23 ||    87
Block: Tower shield      |    54 |   131 |    97 ||   282

Table legend: (Time is in decaauts)
 A = Elapsed time spent in this place.
 B = Non-inter-level travel time spent in this place.
 C = Inter-level travel time spent in this place.
 D = Time resting spent in this place.
 E = Time spent auto-exploring this place.
 F = Levels seen in this place.
 G = Mean time per level.
                   A        B        C        D        E       F      G
               +--------+--------+--------+--------+--------+-----+--------+
         Total |   5184 |   4976 |    208 |   1176 |   2572 |   8 |  648.0 |
       Dungeon |   4613 |   4440 |    173 |    961 |   2321 |   5 |  922.6 |
        Temple |    175 |    140 |     35 |      0 |    138 |   1 |  175.0 |
         Abyss |    123 |    123 |      0 |      0 |    113 |   1 |  123.0 |
         Sewer |    271 |    271 |      0 |    215 |      0 |   1 |  271.0 |
               +--------+--------+--------+--------+--------+-----+--------+

Top non-repeatable levels by time:
     D:2: 1404 daAuts
     D:1: 1231 daAuts
     D:3: 1031 daAuts
     D:4: 827 daAuts
   Sewer: 271 daAuts
  Temple: 175 daAuts
 Abyss:1: 123 daAuts
     D:6: 119 daAuts
